 Dungeon Crawl Stone Soup version 0.23.2-1-ga50397a (webtiles) character file.

Game seed: 6563866857939890185

478 prawnwizard the Digger (level 7, -4/41 HPs)
             Began as a Gargoyle Earth Elementalist on May 16, 2019.
             Slain by a scorpion (5 damage)
             ... on level 5 of the Dungeon.
             The game lasted 00:07:46 (4293 turns).

prawnwizard the Digger (GrEE)                       Turns: 4293, Time: 00:07:47

Health: -4/41      AC: 12    Str: 11    XL:     7   Next: 11%
Magic:  1/12       EV: 12    Int: 18    God:
Gold:   190        SH:  0    Dex: 10    Spells: 2/13 levels left

rFire    . . .     SeeInvis .   q - +2 spear (flame)
rCold    . . .     Gourm    .   (no shield)
rNeg     + . .     Faith    .   c - +0 robe
rPois    ∞         Spirit   .   r - +2 helmet
rElec    +         Reflect  .   s - +1 cloak
rCorr    .         Harm     .   (no gloves)
MR       .....                  n - +0 pair of boots
Stlth    ++........             (no amulet)
HPRegen  0.13/turn              (no ring)
MPRegen  0.13/turn              (no ring)

@: very slightly contaminated
A: negative energy resistance 1, electricity resistance, unbreathing,
petrification resistance, rot immunity, AC +4
a: no special abilities


You were on level 5 of the Dungeon.
You were not hungry.

You visited 1 branch of the dungeon, and saw 5 of its levels.

You collected 190 gold pieces.

Inventory:

Hand Weapons
 q - a +2 spear of flaming (weapon)
Missiles
 b - 106 stones (quivered)
Armour
 c - a +0 robe (worn)
 n - a +0 pair of boots (worn)
 r - a +2 helmet (worn)
 s - a +1 cloak (worn)
 t - a cursed +0 leather armour
Wands
 m - a wand of clouds (4)
 p - a wand of flame (17)
Scrolls
 a - 4 scrolls of teleportation {unknown}
 f - a scroll of magic mapping {unknown}
 g - 4 scrolls of remove curse {unknown}
 h - a scroll of enchant armour {unknown}
 i - 2 scrolls of identify {unknown}
 j - a scroll of fear {unknown}
 k - a scroll of amnesia {unknown}
 l - a scroll of immolation {unknown}
 o - a scroll of blinking {unknown}
Potions
 e - a potion of heal wounds {unknown}
Comestibles
 d - 8 rations


   Skills:
 + Level 3.4 Fighting
 - Level 1.6 Dodging
 - Level 2.2 Stealth
 - Level 0.6 Unarmed Combat
 + Level 3.7 Spellcasting
 - Level 0.7 Transmutations
 * Level 7.1 Earth Magic


You had 2 spell levels left.
You knew the following spells:

 Your Spells              Type           Power        Failure   Level  Hunger
a - Sandblast             Erth           ####..       1%          1    None
b - Passwall              Tmut/Erth      ###.....     4%          2    ##.....
c - Stone Arrow           Conj/Erth      ###...       11%         3    ###....
d - Lee's Rapid Deconstr  Erth           ####......   22%         5    ######.

Your spell library contained the following spells:

 Spells                   Type           Power        Failure   Level  Hunger
 Petrify                  Tmut/Erth      ###.....     30%         4    ####...


Dungeon Overview and Level Annotations

Branches:
Dungeon (5/15)
 Temple: D:4-7

Altars:
Elyvilon
Okawaru
Xom

Annotations:
D:5 Edmund


Innate Abilities, Weirdness & Mutations

You are resistant to torment.
Your stone body is resilient. (AC +4)
You are immune to poison.
You resist negative energy. (rN+)
You are resistant to electric shocks. (rElec)
You can survive without breathing.
You are immune to petrification.
You are immune to rotting.


Message History

This rock feels extremely deep.
Edmund hits you with a +1 dire flail of crushing.
The scorpion stings you but does no damage.
The scorpion barely misses you.
Casting: Passwall (safe; 4% risk of failure)
Confirm with . or Enter, or press ? or * to list all spells.
Aiming: Passwall (safe; 4% risk of failure)
Press: ? - help, Dir - move target cursor A rock wall.
Edmund hits you but does no damage.
You begin to meditate on the wall.
You continue meditating on the rock.
Edmund hits you but does no damage.
You continue meditating on the rock.
The scorpion stings you.
* * * LOW HITPOINT WARNING * * *
Edmund hits you with a +1 dire flail of crushing!
* * * LOW HITPOINT WARNING * * *
x2 You continue meditating on the rock.
The scorpion stings you.
You die...

..#[.....############
.......
..#?...@.'...........
.......
.......(.###.#######.
....... .........#
#.#### .......
.........#
#....###### .......#
#........#
#.........# .......<
#........#
######....# ########
#........#
#....####.#
.......#.#
#....@@...#
#.####s...# ######


You could see Edmund and a scorpion.

Vanquished Creatures
  A centaur (D:5)
  2 howler monkeys
  A hound (D:5)
  An orc wizard (D:3)
  3 worker ants (D:4)
  Robin (D:3)
  7 adders
  A gnoll (D:1)
  4 worms
  2 leopard geckos
  5 orcs
  3 giant cockroaches
  13 goblins
  9 hobgoblins
  4 jackals (D:1)
  2 quokkas
  A ball python (D:2)
  13 bats
  2 frilled lizards (D:2)
  14 kobolds
  A leopard gecko skeleton (D:4)
  8 rats
98 creatures vanquished.

Vanquished Creatures (others)
  A plant (D:1)
1 creature vanquished.

Grand Total: 99 creatures vanquished

Notes
Turn   | Place    | Note
-------+----------+-------------------------------------------
     0 | D:1      | prawnwizard the Gargoyle Earth Elementalist began the quest
                  | for the Orb.
     0 | D:1      | Reached XP level 1. HP: 10/10 MP: 3/3
   101 | D:1      | Reached XP level 2. HP: 4/15 MP: 0/5
   104 | D:1      | Reached skill level 4 in Earth Magic
   915 | D:1      | Reached XP level 3. HP: 2/20 MP: 2/6
  1419 | D:1      | Reached skill level 1 in Fighting
  1949 | D:2      | Reached XP level 4. HP: 22/25 MP: 2/7
  2087 | D:2      | Reached skill level 5 in Earth Magic
  2372 | D:2      | Found a shimmering altar of Xom.
  2539 | D:3      | Reached XP level 5. HP: 3/30 MP: 1/9
  2840 | D:3      | Found an iron altar of Okawaru.
  3341 | D:3      | Noticed Robin
  3357 | D:3      | Killed Robin
  3524 | D:3      | Found a white marble altar of Elyvilon.
  3601 | D:4      | Reached skill level 6 in Earth Magic
  3601 | D:4      | Reached XP level 6. HP: 36/36 MP: 10/10
  4135 | D:4      | Learned a level 2 spell: Passwall
  4139 | D:4      | Learned a level 3 spell: Stone Arrow
  4145 | D:4      | Learned a level 5 spell: Lee's Rapid Deconstruction
  4173 | D:5      | Entered Level 5 of the Dungeon
  4245 | D:5      | Reached skill level 7 in Earth Magic
  4245 | D:5      | Reached XP level 7. HP: 18/41 MP: 12/12
  4254 | D:5      | Noticed Edmund
  4292 | D:5      | HP: 1/41 [Edmund/+1 dire flail of crushing (3)]
  4293 | D:5      | Slain by a scorpion

Skill      XL: |  1  2  3  4  5  6 |
---------------+-------------------+-----
Earth Magic    | 4 5 6 7 |  7.1
Fighting       | 1 2 3 |  3.4
Spellcasting   | 3 |  3.7
Dodging        | |  1.6
Stealth        | |  2.2
Unarmed Combat | |  0.6
Transmutations | |  0.7

Action                   |  1- 3 |  4- 6 |  7- 9 || total
-------------------------+-------+-------+-------++-------
Melee: Unarmed           |    96 |       |       ||    96
       Whip              |   114 |   183 |       ||   297
       Punch             |     1 |       |       ||     1
       Spear             |       |    83 |       ||    83
 Cast: Sandblast         |    24 |    26 |     4 ||    54
       Passwall          |       |       |     2 ||     2
       Stone Arrow       |       |       |     1 ||     1
 Stab: Sleeping          |     1 |     4 |       ||     5
  Eat: Chunk             |     3 |     7 |       ||    10
       Ration            |       |       |     1 ||     1
Armor: Robe              |   133 |   147 |     5 ||   285
Dodge: Dodged            |   257 |   238 |     2 ||   497
